 Dungeon Crawl Stone Soup version 0.27.1-2-g3b301248ec (webtiles) character file.

Game seed: 4101045129920180596

55 ABBCCCDDDD the Skirmisher (level 3, -3/26 HPs)
             Began as an Octopode Abyssal Knight on Sept 28, 2021.
             Was a Follower of Lugonu.
             Slain by Natasha (6 damage)
             ... on level 2 of the Dungeon.
             The game lasted 00:02:27 (2241 turns).

ABBCCCDDDD the Skirmisher (Octopode Abyssal Knight) Turns: 2241, Time: 00:02:28

Health: -3/26      AC:  1    Str: 11    XL:     3   Next: 93%
Magic:  4/4        EV: 12    Int: 15    God:    Lugonu [*.....]
Gold:   92         SH:  4    Dex: 11    Spells: 2/2 levels left

rFire    . . .     SeeInvis .   a - +1 falchion
rCold    . . .     Faith    .   b - +0 buckler
rNeg     . . .     Spirit   .   (helmet restricted)
rPois    .         Reflect  .   (no amulet)
rElec    .         Harm     .   (no ring)
rCorr    .         Rampage  .   (no ring)
Will     .....                  (no ring)
Stlth    ++........             (no ring)
HPRegen  0.08/turn              (no ring)
MPRegen  0.09/turn              (no ring)
                                (no ring)
                                (no ring)

@: slowed, very slow
A: almost no armour, amphibious, 8 rings, camouflage 1, gelatinous body 1,
(nimble swimmer 1), tentacles
a: Renounce Religion, Depart the Abyss


You were on level 2 of the Dungeon.
You worshipped Lugonu.
Lugonu was aware of your devotion.
You visited 1 branch of the dungeon, and saw 2 of its levels.
You visited the Abyss 1 time.

You collected 92 gold pieces.

Inventory:

Hand Weapons
 a - a +1 falchion (weapon)
Armour
 b - a +0 buckler (worn)
Scrolls
 c - a scroll of brand weapon {unknown}
Potions
 d - 2 potions of lignification {unknown}
 e - a potion of curing {unknown}
 f - a potion of attraction {unknown}
 g - 2 potions of brilliance {unknown}


   Skills:
 + Level 3.6 Fighting
 + Level 2.8 Long Blades
 - Level 2.3 Dodging
 + Level 1.8 Shields
 - Level 2.0 Invocations


You had 2 spell levels left.
You didn't know any spells.
Your spell library was empty.

Dungeon Overview and Level Annotations

Branches:
Dungeon (2/15)

Altars:

Annotations:
D:2 Natasha


Innate Abilities, Weirdness & Mutations

You cannot wear most types of armour.
You are amphibious.
You can wear up to eight rings at the same time.
Your skin changes colour to match your surroundings (Stealth+).
Your rubbery body absorbs attacks. (AC +1, EV +1)
((You are camouflaged near water. (Stealth+)))
You have tentacles for arms and can constrict up to eight enemies at once.


Message History

You constrict the adder. The adder bites you.
You are poisoned.
The adder poisons you! The adder bites you.
You hit the adder but do no damage.
The adder is heavily wounded.
You constrict the adder.
You feel sick. The adder bites you but does no damage.
You are too injured to fight recklessly!
You slash the adder!
You kill the adder!
Lugonu accepts your kill.
You feel sick.
You start resting.
You feel sick. x3
You are no longer poisoned.
You start resting.
You start resting.
HP restored.
You now have 92 gold pieces (gained 11).
You see here a quokka skeleton.
There is a stone staircase leading up here.
Found 5 gold pieces.
Natasha hisses angrily.
Found a scroll labelled OSMUT TIHI.
Natasha casts a spell.
You closely miss Natasha. Your grab misses Natasha. Natasha barely misses you.
The crimson imp blinks!
You closely miss Natasha. Your grab misses Natasha.
Natasha casts a spell at you.
You feel yourself slow down.
You completely miss Natasha. Your grab misses Natasha.
Your squeeze misses Natasha. Natasha claws you. Natasha barely misses you.
You closely miss Natasha. Your grab misses Natasha. Natasha claws you!
Natasha drinks a potion.
Natasha seems to grow stronger.
You miss Natasha. Your grab misses Natasha. Natasha claws you!
* * * LOW HITPOINT WARNING * * *
Natasha casts a spell at you. You resist with significant effort.
The crimson imp closely misses you.
You riposte.
You barely miss the crimson imp. You grab the crimson imp.
You closely miss Natasha. Your grab misses Natasha.
You constrict the crimson imp. Natasha claws you.
You die...

#................. ..
.....................
..##....................
.....#...?...##...#####
##.................#
...........##..##..#
##..##..#...#>## #...
.##...h.........### ##.
?.....5@....÷.....#
###............# .#
#...?.....<..##.## .
...................###..
.##.....................
#...........#÷.....#.
#$.................#
#..#.###.....###.###
...#. #....## .#


You could see Natasha (strong) and a crimson imp (summoned).

Levels and vault maps discovered:
D:1:      lightli_arrival_farm, layout_rooms, minmay_misc_feat_encased,
          hangedman_abyss_or_decor_lesser_grid, hangedman_decor_clover_reticule
D:2:      layout_rooms, uniq_crazy_yiuf_cottage, uniq_natasha

Notes
Turn   | Place    | Note
-------+----------+-------------------------------------------
     0 | Abyss:1  | ABBCCCDDDD the Octopode Abyssal Knight began the quest for
                  | the Orb.
     0 | Abyss:1  | Reached XP level 1. HP: 16/16 MP: 2/2
   126 | Abyss:2  | Noticed a worldbinder
   130 | Abyss:2  | Noticed an orc priest
   130 | Abyss:2  | Noticed a troll
   141 | D:1      | Escaped the Abyss
   534 | D:1      | Reached XP level 2. HP: 11/21 MP: 3/3
   759 | D:1      | Reached skill level 1 in Shields
   995 | D:1      | You fall into a shaft and drop 1 floor!
  1010 | D:2      | Noticed Natasha
  1033 | D:1      | Reached * piety under Lugonu
  1225 | D:1      | Reached XP level 3. HP: 21/26 MP: 4/4
  2241 | D:2      | Slain by Natasha

Table legend: (Time is in decaauts)
 A = Elapsed time spent in this place.
 B = Non-inter-level travel time spent in this place.
 C = Inter-level travel time spent in this place.
 D = Time resting spent in this place.
 E = Time spent auto-exploring this place.
 F = Levels seen in this place.
 G = Mean time per level.
                   A        B        C        D        E       F      G
               +--------+--------+--------+--------+--------+-----+--------+
         Total |   2263 |   2229 |     34 |   1243 |    682 |   4 |  565.8 |
       Dungeon |   2122 |   2088 |     34 |   1243 |    598 |   2 | 1061.0 |
         Abyss |    140 |    140 |      0 |      0 |     84 |   2 |   70.0 |
               +--------+--------+--------+--------+--------+-----+--------+

Top non-repeatable levels by time:
     D:1: 1772 daAuts
     D:2: 350 daAuts
 Abyss:1: 92 daAuts
 Abyss:2: 48 daAuts

Table legend:
 A = Kills in this place as a percentage of kills in entire the game.
 B = Kills by you in this place as a percentage of kills by you in the entire game.
 C = Kills by friends in this place as a percentage of kills by friends in the entire game.
 D = Other kills in this place as a percentage of other kills in the entire game.
 E = Experience gained in this place as a percentage of experience gained in the entire game.
 F = Experience gained in this place divided by the number of levels of this place that you have seen.
                   A       B       C       D       E      F
               +-------+-------+-------+-------+-------+----------------------
         Total | 100.0 | 100.0 |   N/A |   N/A | 100.0 |  19.8
       Dungeon | 100.0 | 100.0 |   N/A |   N/A | 100.0 |  39.5
               +-------+-------+-------+-------+-------+----------------------

Action                   || total
-------------------------++-------
Melee: Falchion          ||    82
       Constrict         ||    24
       Tentacles         ||     6
Invok: Depart the Abyss  ||     1
 Stab: Sleeping          ||     2
Armor: Skin              ||     7
Dodge: Dodged            ||    59
Block: Buckler           ||    23
       Rpst.: Falchion   ||    13

Vanquished Creatures
  An adder (D:2)
  3 bats
  3 endoplasms (D:1)
  A giant cockroach (D:1)
  2 goblins (D:1)
  3 hobgoblins (D:1)
  8 jackals (D:1)
  4 quokkas
  3 ball pythons (D:1)
  3 frilled lizards (D:1)
  5 kobolds (D:1)
  3 rats (D:1)
39 creatures vanquished.
